 Dungeon Crawl Stone Soup version 0.23-a0-690-g0a1fc62c7c (webtiles) character file.

229104 DEFE the Swashbuckler (level 18, -12/97 HPs)
             Began as a Spriggan Berserker on Jan 11, 2019.
             Was the Champion of Trog.
             Mangled by a merfolk impaler
             ... wielding a +2 trident of distortion
              (21 damage)
             ... on level 2 of the Shoals.
             The game lasted 01:48:18 (58033 turns).

DEFE the Swashbuckler (Spriggan Berserker)         Turns: 58033, Time: 01:48:19

Health: -12/97     AC: 15    Str: 24    XL:     18   Next: 72%
Magic:  10/10      EV: 29    Int: 10    God:    Trog [******]
Gold:   498        SH:  8    Dex: 16    Spells: 17/17 levels left

rFire    + . .     SeeInvis +   b - +9 quick blade (antimagic)
rCold    + + .     Gourm    .   C - +0 buckler
rNeg     . . .     Faith    +   l - +0 ice dragon scales
rPois    .         Spirit   .   j - +2 hat
rElec    .         Reflect  .   Q - scarf {repulsion}
rCorr    .         Harm     .   (gloves unavailable)
MR       +++..                  (boots unavailable)
Stlth    +++.......             e - amulet of faith
HPRegen  0.26/turn              O - ring of protection from fire
MPRegen  0.12/turn              X - ring of protection from fire

@: mighty, repel missiles, very quick
A: very small, unfitting armour, see invisible, herbivore, speed 3, slow
metabolism 2
}: 1/15 runes: gossamer
a: Berserk, Trog's Hand, Brothers in Arms, Renounce Religion


You were on level 2 of the Shoals.
You worshipped Trog.
Trog was exalted by your worship.
You were very hungry.

You visited 6 branches of the dungeon, and saw 31 of its levels.
You visited 1 bazaar.
You also visited: Gauntlet and Ice Cave.

You collected 4019 gold pieces.
You spent 3521 gold pieces at shops.

Inventory:

Hand Weapons
 b - a +9 antimagic quick blade (weapon)
 S - a +2 antimagic demon blade
 V - a +5 quick blade
 Z - a +3 scimitar of flaming
Missiles
 q - 3 curare-tipped needles
 U - 6 throwing nets (quivered)
Armour
 j - a +2 hat (worn)
 l - +0 ice dragon scales (worn)
 p - a +2 robe of resistance
 v - a +0 cloak
 C - a +0 buckler (worn)
 K - a +2 robe of cold resistance
 Q - a scarf of repulsion (worn)
Jewellery
 c - a +5 ring of evasion
 e - an amulet of faith (around neck)
 y - an uncursed ring of protection from fire
 G - the ring of Ureqo {Ice rElec Int+3}
   (You found it in a Gauntlet)

   [ring of ice]

   It enhances your ice magic.
   It affects your intelligence (+3).
   It makes you vulnerable to fire.
   It protects you from cold.
   It insulates you from electricity.
 N - an uncursed ring of resist corrosion
 O - a ring of protection from fire (left hand)
 R - a +4 ring of protection
 T - an uncursed ring of poison resistance
 X - a ring of protection from fire (right hand)
Wands
 A - a wand of flame (2)
 Y - a wand of iceblast (2)
Scrolls
 a - 3 scrolls of enchant weapon
 d - 9 scrolls of immolation
 f - 11 scrolls of remove curse
 h - 5 scrolls of magic mapping
 k - 5 scrolls of noise
 m - 10 scrolls of teleportation
 r - 2 scrolls of fear
 t - 4 scrolls of fog
 u - 3 scrolls of blinking
 D - a scroll of vulnerability
 H - 6 scrolls of enchant armour
 L - 10 scrolls of identify
 M - 2 scrolls of holy word
Potions
 g - 4 potions of resistance
 i - a potion of haste
 n - 3 potions of berserk rage
 o - 3 potions of mutation
 s - 3 potions of curing
 w - 5 potions of brilliance
 z - 6 potions of might
 B - 4 potions of cancellation
 E - 5 potions of magic
 F - 3 potions of flight
 J - 2 potions of heal wounds
 P - 3 potions of lignification
 W - 2 potions of ambrosia
Miscellaneous
 x - a fan of gales
 I - a lightning rod (2/4)


   Skills:
 + Level 11.7 Fighting
 - Level 20.0 Short Blades
 - Level 12.0 Armour
 - Level 17.0 Dodging
 - Level 12.0 Stealth
 - Level 7.2 Shields
 - Level 15.0 Evocations


You had 17 spell levels left.
You didn't know any spells.
Your spell library contained the following spells:

 Spells                   Type           Power        Failure   Level  Hunger
 Sandblast                Erth           #.....       65%         1    ##.....
 Passwall                 Tmut/Erth      #.......     78%         2    ###....
 Shroud of Golubria       Chrm/Tloc      #.........   78%         2    ###....
 Gell's Gravitas          Tloc           #.........   95%         3    ####...
 Portal Projectile        Hex/Tloc       #.....       95%         3    ####...
 Recall                   Summ/Tloc      N/A          95%         3    ####...
 Regeneration             Chrm/Necr      #.........   95%         3    ####...
 Stone Arrow              Conj/Erth      #.....       95%         3    ####...
 Petrify                  Tmut/Erth      #.......     100%        4    #####..
 Borgnjor's Vile Clutch   Necr/Erth      #.........   100%        5    ######.
 Lee's Rapid Deconstruct  Erth           #.........   100%        5    ######.
 Summon Forest            Summ/Tloc      #.........   100%        5    ######.
 Malign Gateway           Summ/Tloc      #.........   100%        7    #######
 Ring of Flames           Chrm/Fire      #.........   100%        7    #######
 Controlled Blink         Tloc           N/A          100%        8    #######
 Disjunction              Tloc           #.........   100%        8    #######


Dungeon Overview and Level Annotations

Branches:
Dungeon (15/15)            Temple (0/1) D:6            Lair (6/6) D:11
 Shoals (2/4) Lair:2       Spider (4/4) Lair:3        Slime (0/5) Lair:6
    Orc (2/2) D:12            Elf (0/3) Orc:2        Vaults (2/5) D:14
  Crypt (0/3) Vaults:2     Depths (0/5) D:15

Altars:
Cheibriados
Dithmenos
Fedhas
Kikubaaqudgha
Xom
Yredelemnul
Beogh
Jiyva

Shops:
D:9 ?   D:10 ?   D:12 }   Orc:2 =(*[   Vaults:1 *

Annotations:
D:11 exclusions: 2 doors and 2 oklob plants
Lair:4 3 runed doors, Cemeysch's ghost, journeyman GnWn
Vaults:2 Xtahua


Innate Abilities, Weirdness & Mutations

You are very small and have problems with some larger weapons.
You are too small for most types of armour.
You have supernaturally acute eyesight. (SInv)
You are a herbivore.
You cover ground extremely quickly.
You need to consume almost no food.


Message History

The merfolk hits you from afar with a +0 glaive!
* * * LOW HITPOINT WARNING * * *
The merfolk impaler hits you with a +2 trident of distortion!
* * * LOW HITPOINT WARNING * * *
The merfolk misses you.
You take 3 damage, and have 13/97 hp.
Unknown command.
You feel much better. You block the merfolk's attack.
The merfolk impaler completely misses you.
The merfolk impaler barely misses you. The merfolk completely misses you.
The merfolk hits you but does no damage.
You regained 21 hp, and now have 34/97 hp.
Unknown command.
You feel very mighty all of a sudden.
The merfolk hits you from afar with a +0 trident!
* * * LOW HITPOINT WARNING * * *
The merfolk impaler hits you with a +2 trident of distortion!
* * * LOW HITPOINT WARNING * * *
Space warps horribly around you!
You die...

≈≈≈≈≈≈≈≈≈≈≈≈≈≈.##P≈≈.≈≈≈≈≈≈≈..###
≈≈≈≈≈≈≈≈≈≈≈≈P≈.P.≈PPP.)..≈≈≈†....
≈≈≈≈≈≈≈≈≈≈P≈≈≈≈≈≈P≈......≈≈≈≈≈≈..
≈≈≈≈≈≈≈≈≈≈≈≈≈≈≈≈....###..≈≈≈≈≈≈≈≈
≈≈≈≈≈≈≈≈≈≈,,.....≈()###..≈≈≈≈≈≈≈≈
≈≈≈≈≈≈≈≈≈,,,##..≈≈....##.≈.≈..≈≈≈
≈≈≈≈≈≈≈≈,,,**##.≈....##.≈≈..≈≈≈≈≈
≈≈≈≈≈≈≈≈,,** #$m≈≈.(...≈...≈≈≈≈≈
≈≈≈≈≈≈,,,,* ##.@.(.....≈..≈≈≈≈≈≈
≈≈≈≈≈,,,**** #........≈..≈≈≈≈≈≈≈≈
≈≈≈≈≈≈,***,**#mmm≈≈≈..≈.≈≈≈≈≈≈≈≈≈
≈≈≈≈≈≈≈,≈≈≈.....≈≈≈..≈≈≈≈...≈≈≈≈≈
,,,,,≈≈,≈............≈≈....≈≈≈≈≈≈
,,,,,≈≈≈≈.≈≈≈≈≈............≈≈≈≈≈≈
,***,,≈≈≈...≈≈≈≈...........,,≈≈≈,
** *,,*,≈...≈≈....≈≈≈.≈≈[.*,,,,,,
,***,,**≈≈≈≈≈≈.....≈≈...,*****,,≈


You could see a merfolk impaler and 3 merfolk.

Vanquished Creatures
  A tentacled monstrosity (Vaults:2)
  A sphinx (Vaults:1)
  Agnes (Spider:3)
  A fire giant (D:15)
  4 emperor scorpions
  2 ghost moths (Spider:4)
  6 vault wardens
  4 ironheart preservers
  3 very ugly things (Vaults:1)
  A stone giant (Vaults:2)
  6 entropy weavers
  4 deep elf demonologists (Vaults:1)
  Azrael (D:15)
  2 spark wasps
  A minotaur (shapeshifter) (Vaults:2)
  A minotaur (Gauntlet)
  2 merfolk javelineers (Shoals:1)
  2 fire dragons
  An ettin (Vaults:2)
  Erolcha (D:9)
  3 yaktaur captains
  A deep elf death mage (Vaults:1)
  4 merfolk impalers (Shoals:1)
  2 ice dragons (IceCv)
  A great orb of eyes (Vaults:2)
  2 vault guards (Vaults:1)
  4 hydras
  3 centaur warriors
  A death knight (D:11)
  3 ogre magi (Vaults:1)
  11 two-headed ogres
  8 death scarabs (Spider:4)
  A death yak (Lair:5)
  2 tengu warriors (D:15)
  A deep troll earth mage (Vaults:1)
  3 deep elf knights
  Nergalle (Orc:2)
  A shadow wraith (Vaults:2)
  A fire crab (Lair:4)
  A death drake (shapeshifter) (Vaults:2)
  8 unseen horrors
  A sea snake (Shoals:1)
  5 deep trolls
  3 ironbrand convokers
  5 deep elf archers (Vaults:1)
  A flayed ghost (Vaults:2)
  An orange crystal statue (Orc:2)
  A glowing orange brain (Vaults:2)
  2 lindwurms
  3 wizards
  A spectral wolf spider (Spider:4)
  3 orc sorcerers
  5 harpies (Vaults:2)
  25 ugly things
  2 wolf spider zombies (Spider:4)
  7 deep elf magi
  9 orb spiders
  9 orc knights
  4 fauns (Shoals:1)
  5 manticores
  21 wolf spiders
  6 cyclopes
  2 moths of wrath
  Maurice (D:12)
  A torpor snail (Lair:6)
  3 black mambas
  A merfolk siren (Shoals:1)
  11 vault sentinels
  A centaur zombie (D:13)
  7 elephants
  3 molten gargoyles (Lair:6)
  2 gargoyles
  A smoke demon (Gauntlet)
  4 kobold demonologists
  2 efreet
  9 spiny frogs
  4 spectral redbacks (Spider:4)
  4 rime drakes
  A freezing wraith (Vaults:2)
  9 komodo dragons
  2 redback zombies (Spider:4)
  An ice devil (Gauntlet)
  14 demonic crawlers
  8 trolls
  8 merfolk
  10 yaktaurs
  A red devil (Gauntlet)
  A troll (shapeshifter) (Vaults:1)
  A queen bee (shapeshifter) (Vaults:1)
  3 spectral tarantellas (Spider:4)
  39 jumping spiders
  3 meliai (Spider:3)
  6 hornets
  9 blink frogs (Lair:4)
  2 raiju (shapeshifter) (Vaults:1)
  26 slime creatures
  2 tarantella zombies (Spider:4)
  4 dream sheep (Shoals:1)
  11 hippogriffs
  A fire giant simulacrum (Vaults:1)
  3 snapping turtles
  2 meliai zombies
  11 wyverns
  A spriggan (Lair:5)
  79 redbacks
  4 shadows
  50 yaks
  26 tarantellas
  A water elemental (D:14)
  2 steam dragons (Lair:6)
  4 basilisks
  3 fire elementals (Gauntlet)
  2 hungry ghosts
  3 vampire mosquitoes (D:13)
  Menkaure (D:7)
  4 wargs
  2 acid dragons
  A swamp worm (shapeshifter) (Vaults:1)
  10 water moccasins
  Duvessa (D:4)
  10 hell hounds
  9 porcupines
  3 spectral hornets (Spider:4)
  27 orc warriors
  5 sky beasts
  3 black bears (D:11)
  A hornet zombie (Spider:4)
  16 ice beasts
  An eye of draining (D:11)
  8 wolves
  A phantom (D:12)
  27 ogres
  5 boggarts (Vaults:1)
  23 centaurs
  11 crocodiles
  16 big kobolds
  14 bullfrogs
  Dowan (D:4)
  A gnoll sergeant (D:8)
  A water moccasin zombie (D:11)
  5 scorpions
  11 wights
  9 electric eels
  3 howler monkeys
  5 lava snakes (Lair:6)
  9 crimson imps
  3 bullfrog zombies
  9 hounds
  2 quasits
  16 orc priests
  2 gnoll shamans (D:8)
  6 jellies
  3 centaur skeletons
  3 bullfrog skeletons
  34 orc wizards
  3 iguanas
  7 worker ants
  A hound zombie (D:10)
  A hound skeleton (D:7)
  Robin (D:2)
  6 gnolls (D:8)
  13 adders
  7 shadow imps
  4 white imps (Gauntlet)
  5 oozes
  An adder zombie (D:4)
  4 adder skeletons
  A dart slug (D:5)
  8 leopard geckos
  92 orcs
  8 bats
  3 giant cockroaches
  11 hobgoblins
  20 jackals
  4 quokkas
  9 goblins
  A jackal zombie (D:5)
  47 kobolds
  4 kobold skeletons (D:11)
  14 kobold zombies (D:11)
  A quokka zombie (D:6)
  3 rats
1236 creatures vanquished.

Vanquished Creatures (collateral kills)
  A sphinx (D:14)
  An emperor scorpion (Spider:4)
  An orc warlord (Orc:2)
  A very ugly thing (Vaults:1)
  2 stone giants (D:14)
  A spark wasp (Spider:4)
  An ettin (D:14)
  A hydra (Lair:2)
  An orc high priest (Orc:2)
  3 orc knights (Orc:2)
  An ugly thing (Vaults:1)
  An orb spider (Spider:4)
  An orc sorcerer (Orc:2)
  A wolf spider (Spider:4)
  A troll (Orc:2)
  A polar bear (Lair:2)
  4 jumping spiders (Spider:4)
  A spectral tarantella (Spider:4)
  4 slime creatures (Vaults:1)
  7 redbacks (Spider:4)
  2 wargs (Orc:2)
  A spectral hornet (Spider:4)
  7 orc warriors (Orc:2)
  A hornet zombie (Spider:4)
  An electric eel (Lair:2)
  An orc wizard (Orc:2)
  2 orc priests (Orc:2)
  3 orcs (Orc:2)
53 creatures vanquished.

Vanquished Creatures (others)
  An ugly thing (Vaults:2)
  A wolf spider (Spider:3)
  2 tarantellas
  An orc warrior (D:15)
  An orc wizard (Orc:2)
  10 bushes
  17 fungi
  48 plants
81 creatures vanquished.

Grand Total: 1370 creatures vanquished

Notes
Turn   | Place    | Note
-------+----------+-------------------------------------------
     0 | D:1      | DEFE the Spriggan Berserker began the quest for the Orb.
     0 | D:1      | Reached XP level 1. HP: 11/11 MP: 2/2
   742 | D:1      | Reached skill level 1 in Stealth
   742 | D:1      | Reached XP level 2. HP: 16/16 MP: 3/3
  1332 | D:2      | Reached skill level 5 in Dodging
  1337 | D:2      | Reached XP level 3. HP: 15/19 MP: 4/4
  1731 | D:2      | Noticed Robin
  2158 | D:1      | Reached skill level 4 in Short Blades
  2169 | D:2      | Killed Robin
  2169 | D:2      | Reached XP level 4. HP: 24/24 MP: 5/5
  2444 | D:3      | Reached ** piety under Trog
  2909 | D:4      | Noticed Dowan
  2913 | D:4      | Noticed Duvessa
  2920 | D:4      | Killed Duvessa
  2920 | D:4      | Reached XP level 5. HP: 28/28 MP: 6/6
  2927 | D:4      | Killed Dowan
  2927 | D:4      | Reached skill level 5 in Short Blades
  2927 | D:4      | Reached XP level 6. HP: 33/33 MP: 7/7
  4350 | D:4      | Reached XP level 7. HP: 37/37 MP: 8/8
  4475 | D:5      | Entered Level 5 of the Dungeon
  5061 | D:5      | Reached skill level 6 in Short Blades
  5910 | D:5      | Reached *** piety under Trog
  6772 | D:5      | Reached skill level 7 in Short Blades
  6772 | D:5      | Reached XP level 8. HP: 37/42 MP: 9/9
  6944 | D:5      | Got a bound crystal amulet
  7055 | D:5      | Identified the amulet of Tabuluci {Reflect rElec SH+2} (You
                  | found it on level 5 of the Dungeon)
  7468 | D:6      | Found a staircase to the Ecumenical Temple.
  7633 | D:6      | Reached skill level 10 in Dodging
  7857 | D:6      | Reached **** piety under Trog
  7857 | D:6      | Reached skill level 8 in Short Blades
  8172 | D:7      | Noticed Menkaure
  8188 | D:7      | Killed Menkaure
  8312 | D:7      | Reached skill level 1 in Shields
  8652 | D:7      | Found a snail-covered altar of Cheibriados.
  8783 | D:7      | Reached XP level 9. HP: 42/46 MP: 10/10
  8797 | D:7      | You fall through a shaft!
  8994 | D:8      | Reached skill level 9 in Short Blades
  9418 | D:8      | Reached ***** piety under Trog
 10355 | D:8      | Noticed a two-headed ogre
 10538 | D:7      | Found a shimmering altar of Xom.
 10970 | D:6      | Received a gift from Trog
 11146 | D:9      | Found Udyat's Magic Scroll Shop.
 11154 | D:9      | Bought a scroll of holy word for 105 gold pieces
 11154 | D:9      | Bought a scroll of identify for 28 gold pieces
 11154 | D:9      | Bought a scroll of blinking for 105 gold pieces
 11154 | D:9      | Bought 3 scrolls of identify for 84 gold pieces
 11208 | D:9      | Reached skill level 10 in Short Blades
 11251 | D:9      | Noticed a two-headed ogre
 11358 | D:8      | Killed a two-headed ogre
 11358 | D:8      | Reached skill level 5 in Stealth
 11358 | D:8      | Reached XP level 10. HP: 38/51 MP: 11/11
 12097 | D:8      | Received a gift from Trog
 12706 | D:9      | Noticed Erolcha
 12717 | D:9      | Killed Erolcha
 12888 | D:10     | Entered Level 10 of the Dungeon
 13295 | D:10     | Noticed an unseen horror
 13302 | D:10     | Killed an unseen horror
 13302 | D:10     | Reached skill level 11 in Short Blades
 13302 | D:10     | Reached skill level 5 in Shields
 13351 | D:10     | Noticed a gargoyle
 13370 | D:10     | Killed a gargoyle
 13373 | D:10     | Received a gift from Trog
 13722 | D:10     | Reached XP level 11. HP: 46/54 MP: 12/12
 13770 | D:10     | Found Ekhotim's Magic Scroll Shop.
 13773 | D:10     | Bought a scroll of identify for 30 gold pieces
 14275 | D:11     | Found a blossoming altar of Fedhas.
 14277 | D:11     | Noticed an oklob plant
 14277 | D:11     | Noticed an oklob plant
 14883 | D:11     | Noticed a two-headed ogre
 14885 | D:11     | Killed a two-headed ogre
 14912 | D:11     | Noticed a five-headed hydra
 15211 | D:11     | Received a gift from Trog
 15283 | D:11     | Found an ancient bone altar of Kikubaaqudgha.
 15437 | D:11     | Found a staircase to the Lair.
 15461 | D:11     | Reached skill level 10 in Stealth
 15498 | D:11     | Noticed a death knight
 15647 | D:11     | Killed a death knight
 15693 | D:11     | Reached skill level 12 in Short Blades
 15928 | D:11     | Reached ****** piety under Trog
 15958 | D:11     | Reached skill level 15 in Dodging
 15992 | D:11     | Noticed an unseen horror
 16003 | D:11     | Killed an unseen horror
 16185 | D:11     | Reached XP level 12. HP: 58/58 MP: 13/13
 16222 | Lair:1   | Entered Level 1 of the Lair of Beasts
 16229 | Lair:1   | Received a gift from Trog
 17873 | Lair:2   | Noticed an eight-headed hydra
 17984 | Lair:2   | Noticed a four-headed hydra
 18623 | Lair:2   | Killed a four-headed hydra
 18623 | Lair:2   | Reached skill level 1 in Evocations
 19249 | Lair:2   | Killed a nine-headed hydra
 19258 | Lair:2   | Received a gift from Trog
 19873 | Lair:2   | Found a staircase to the Shoals.
 20140 | Lair:3   | Noticed a five-headed hydra
 20201 | Lair:3   | Reached skill level 13 in Short Blades
 20234 | Lair:3   | Killed a five-headed hydra
 20460 | Lair:3   | Found a hole to the Spider Nest.
 20691 | Lair:3   | Reached skill level 5 in Evocations
 21466 | Lair:4   | Reached XP level 13. HP: 61/63 MP: 18/18
 22447 | Lair:4   | Found a runed gate.
 22451 | Lair:4   | Found a runed gate.
 22451 | Lair:4   | Found a runed gate.
 22451 | Lair:4   | Found a viscous altar of Jiyva.
 22451 | Lair:4   | Noticed Cemeysch's ghost (journeyman GnWn)
 22452 | Lair:4   | Noticed a death ooze
 22938 | Lair:5   | Found a gate leading to a gauntlet.
 22947 | Gauntlet | Entered a Gauntlet
 22947 | Gauntlet | Found a transporter.
 22947 | Gauntlet | Found a transporter.
 23021 | Gauntlet | Found a transporter.
 23024 | Gauntlet | Found a transporter.
 23025 | Gauntlet | Found a transporter.
 23025 | Gauntlet | Found a transporter.
 23051 | Gauntlet | Found a transporter.
 23055 | Gauntlet | Found a transporter.
 23063 | Gauntlet | Found a transporter.
 23080 | Gauntlet | Found a transporter.
 23095 | Gauntlet | Found a transporter.
 23099 | Gauntlet | Found a transporter.
 23180 | Gauntlet | Received a gift from Trog
 23183 | Gauntlet | Got an ancient short sword {god gift}
 23212 | Gauntlet | Identified the +10 short sword of the Jolly Lives {flame,
                  | rPois rF- Dex+5} (Trog gifted it to you in a Gauntlet)
 23315 | Gauntlet | Reached skill level 14 in Short Blades
 23350 | Gauntlet | Got a sparkling wooden ring
 23352 | Gauntlet | Identified the ring of Ureqo {Ice rElec Int+3} (You found
                  | it in a Gauntlet)
 23408 | Gauntlet | Noticed a minotaur
 23421 | Gauntlet | Killed a minotaur
 23438 | Gauntlet | Identified the Papyrus of Protection and the Rocks
 23453 | Gauntlet | Identified Plog's Collected Works on the Traveller
 24727 | Lair:6   | Entered Level 6 of the Lair of Beasts
 25314 | Lair:6   | Reached skill level 10 in Evocations
 25647 | Lair:6   | Reached skill level 5 in Fighting
 26137 | Lair:6   | Found a staircase to the Slime Pits.
 26352 | Lair:6   | Reached skill level 15 in Short Blades
 26885 | Lair:6   | Noticed a fire dragon
 26886 | Lair:6   | Found a large runed door.
 26887 | Lair:6   | Found a large runed door.
 27415 | Lair:6   | Reached XP level 14. HP: 51/70 MP: 22/22
 28457 | D:12     | Found Zisegg's Gadget Boutique.
 29150 | D:12     | Noticed Maurice
 29173 | D:12     | Received a gift from Trog
 29456 | D:12     | Killed Maurice
 30093 | D:12     | Found a staircase to the Orcish Mines.
 30442 | Orc:1    | Entered Level 1 of the Orcish Mines
 30679 | Orc:1    | Received a gift from Trog
 31077 | Orc:2    | Entered Level 2 of the Orcish Mines
 31263 | Orc:2    | Found a frozen archway.
 31273 | IceCv    | Entered an ice cave
 31360 | IceCv    | Reached skill level 16 in Short Blades
 31996 | Orc:2    | Found a gateway to a bazaar.
 32510 | Orc:2    | Found a staircase to the Elven Halls.
 32562 | Orc:2    | DEFE: ??scroll of aquriment
 32562 | Orc:2    | beem: I don't have a page labeled scroll_of_aquriment in my
                  | learndb.
 32562 | Orc:2    | DEFE: ??scroll of aquariment
 32562 | Orc:2    | beem: I don't have a page labeled scroll_of_aquariment in
                  | my learndb.
 32562 | Orc:2    | DEFE: ??scroll of aqauriment
 32562 | Orc:2    | beem: I don't have a page labeled scroll_of_aqauriment in
                  | my learndb.
 32583 | Orc:2    | Noticed Nergalle
 32634 | Orc:2    | Noticed an orc warlord
 32641 | Orc:2    | Killed Nergalle
 32645 | Orc:2    | Killed an orc warlord
 32648 | Orc:2    | Received a gift from Trog
 32649 | Orc:2    | Found a roughly hewn altar of Beogh.
 32853 | Orc:2    | Found Dinitzau's Antique Armour Shoppe.
 32860 | Orc:2    | Found Cecw's General Store.
 32889 | Orc:2    | Found Yna Ufis's Jewellery Shoppe.
 32893 | Orc:2    | Found Plog's Antique Weapon Shoppe.
 33006 | Orc:2    | Bought an uncursed ring of poison resistance for 340 gold
                  | pieces
 33022 | Orc:2    | Bought a scroll of enchant armour for 105 gold pieces
 33022 | Orc:2    | Bought a potion of might for 56 gold pieces
 33022 | Orc:2    | Bought a scroll of identify for 28 gold pieces
 33022 | Orc:2    | Bought a scroll of immolation for 49 gold pieces
 33030 | Orc:2    | DEFE: ??scroll of acquriment
 33030 | Orc:2    | beem: scroll of acquriment ~ scroll of acquirement ~
                  | acquirement[1/3]: Will give you a (usable) random item
                  | moderately likely to be better than a random item off the
                  | ground! See also ?? acquirement, where is book, staff,
                  | weapon, jewellery, armour, misc, gold, food, wand, e.g.
                  | {weapon acquirement}. misc and wand acquirement merged into
                  | {evocable acquirement} in 0.20.
 33030 | Orc:2    | DEFE: ??food acquriment
 33030 | Orc:2    | beem: food acquriment ~ food acquirement[1/2]: If you
                  | worship Fedhas, you get fruit! Vampires receive potions of
                  | blood, Ghouls receive chunks, and everyone else gets
                  | rations or royal jellies.
 33142 | D:10     | Bought a scroll of acquirement for 780 gold pieces
 34635 | D:14     | Found a gate to the Vaults.
 34677 | D:14     | Received a gift from Trog
 34731 | D:14     | Found a shadowy altar of Dithmenos.
 34924 | D:14     | Reached skill level 17 in Short Blades
 35356 | D:14     | Reached XP level 15. HP: 79/79 MP: 23/23
 35364 | D:14     | Noticed a sphinx
 35372 | D:14     | Killed a sphinx
 35761 | D:15     | Entered Level 15 of the Dungeon
 36204 | D:15     | Reached skill level 1 in Armour
 36456 | D:15     | Received a gift from Trog
 36515 | D:15     | Noticed Azrael
 36567 | D:15     | Killed Azrael
 36658 | D:15     | Noticed a fire giant
 36793 | D:15     | Killed a fire giant
 37170 | D:15     | Reached skill level 10 in Fighting
 37409 | D:15     | Found a staircase to the Depths.
 38022 | Spider:1 | Entered Level 1 of the Spider Nest
 38261 | Spider:1 | Reached skill level 18 in Short Blades
 38484 | Spider:1 | Received a gift from Trog
 39770 | Spider:1 | Reached skill level 5 in Armour
 40517 | Spider:2 | Noticed Agnes
 41372 | Spider:2 | Reached XP level 16. HP: 71/85 MP: 8/24
 41375 | Spider:2 | Received a gift from Trog
 42904 | Spider:3 | Killed Agnes
 42904 | Spider:3 | Reached skill level 19 in Short Blades
 43831 | Spider:4 | Entered Level 4 of the Spider Nest
 44273 | Spider:4 | Received a gift from Trog
 47357 | Spider:4 | Reached skill level 20 in Short Blades
 47363 | Spider:4 | Received a gift from Trog
 47374 | Spider:4 | Reached XP level 17. HP: 56/89 MP: 8/25
 47426 | Spider:4 | Got a gossamer rune of Zot
 47787 | Vaults:1 | Entered Level 1 of the Vaults
 48326 | Vaults:1 | Received a gift from Trog
 48353 | Vaults:1 | Reached skill level 10 in Armour
 51277 | Vaults:1 | Found Nemew's General Store.
 51286 | Vaults:1 | Bought a ration for 95 gold pieces
 51286 | Vaults:1 | Bought a wand of acid (13) for 646 gold pieces
 51286 | Vaults:1 | Bought a ration for 95 gold pieces
 51780 | Vaults:1 | Received a gift from Trog
 52919 | Vaults:1 | Reached XP level 18. HP: 93/93 MP: 9/28
 54009 | Vaults:1 | Noticed a Hell Sentinel
 54329 | Vaults:2 | Received a gift from Trog
 54710 | Vaults:2 | Found a staircase to the Crypt.
 54710 | Vaults:2 | Found an ancient bone altar of Kikubaaqudgha.
 54711 | Vaults:2 | Found a basalt altar of Yredelemnul.
 55683 | Vaults:2 | Noticed a tentacled monstrosity
 55715 | Vaults:2 | Killed a tentacled monstrosity
 55734 | Vaults:2 | Reached skill level 15 in Evocations
 56522 | Vaults:2 | Noticed Xtahua
 56981 | Orc:2    | Received a gift from Trog
 56985 | Bazaar   | Entered a bazaar
 56985 | Bazaar   | Found Xianivume's Antique Weapon Emporium.
 57001 | Bazaar   | Found Tiujare's Jewellery Shop.
 57011 | Bazaar   | Found Ismyr's Distillery.
 57021 | Bazaar   | Found Biduufamp's Distillery.
 57029 | Bazaar   | Bought a potion of haste for 90 gold pieces
 57029 | Bazaar   | Bought a potion of might for 36 gold pieces
 57029 | Bazaar   | Bought a potion of lignification for 27 gold pieces
 57029 | Bazaar   | Bought a potion of heal wounds for 45 gold pieces
 57029 | Bazaar   | Bought a potion of might for 36 gold pieces
 57029 | Bazaar   | Bought a potion of brilliance for 36 gold pieces
 57029 | Bazaar   | Bought a potion of magic for 72 gold pieces
 57029 | Bazaar   | Bought a potion of heal wounds for 45 gold pieces
 57039 | Bazaar   | Bought a potion of might for 56 gold pieces
 57039 | Bazaar   | Bought a potion of heal wounds for 70 gold pieces
 57039 | Bazaar   | Bought a potion of heal wounds for 70 gold pieces
 57039 | Bazaar   | Bought a potion of curing for 42 gold pieces
 57039 | Bazaar   | Bought a potion of ambrosia for 112 gold pieces
 57039 | Bazaar   | Bought a potion of curing for 42 gold pieces
 57039 | Bazaar   | Bought a potion of might for 56 gold pieces
 57039 | Bazaar   | Bought a potion of heal wounds for 70 gold pieces
 57039 | Bazaar   | Bought a potion of berserk rage for 70 gold pieces
 57201 | Shoals:1 | Entered Level 1 of the Shoals
 58033 | Shoals:2 | Mangled by a merfolk impaler

Vault maps used:
D:1:      dpeg_arrival_boxes_within_box
D:2:      uniq_robin
D:4:      lemuel_upstairs_altar, uniq_duvessa
D:5:      kennysheep_big_flooded_room, first_ration
D:6:      minmay_temple_entry_wispy
D:7:      nicolae_overflow_crystal_walls, basic_altar, uniq_menkaure
D:8:      kennysheep_housing_project, item_on_display_a
D:9:      serial_shops, nicolae_shop_competitors_out_of_business, uniq_erolcha
D:10:     serial_shops, kennysheep_mini
D:11:     wander_kiku_kobolds, minmay_lair_entry_grove, grunt_ogre_cave,
          roderic_lattice_a, hangedman_tree_tricks
D:12:     hiddenorc2_lemuel, serial_shops, shop, uniq_maurice
D:14:     cross_vault, david_vaults_2, grunt_dithmenos_smoke_and_mirrors,
          minmay_fractal_squares_gapless_5
D:15:     grunt_enter_depths_giant_problem, hangedman_abyss_or_decor_stagger,
          uniq_azrael
Lair:2:   minmay_shoals_entry_hut, wad_woods_road_02, grunt_megastairs_4
Lair:3:   spider_nest_entry_a
Lair:4:   gammafunk_ghost_ooze, lemuel_fruit_tree, grunt_megastairs_5
Lair:5:   gauntlet_entry_generic, grunt_forest_large_clearing_hut
Lair:6:   cheibrodos_lair_end_hotspot, nicolae_slime_entry_slimehenge,
          serial_forest, infiniplex_forest_clump_curved,
          infiniplex_forest_lined_2, infiniplex_forest_lined_3,
          infiniplex_forest_3_way, infiniplex_forest_corner_1,
          infiniplex_forest_lined_3, serial_bayou_lagoon_a
Shoals:1: nicolae_shoals_mertower
Spider:1: nicolae_spider_mines_1
Spider:2: uniq_agnes
Spider:4: floodkiller_spider_rune_tomb
Orc:1:    uniq_erica
Orc:2:    grunt_orc_cross, serial_shops, statue_bzr,
          portal_ice_cave_entry_pillars_1
Vaults:1: vaults_room_semicircle, vaults_room_ringed_pool,
          hangedman_vaults_hard_town_square, vaults_room_boxed,
          nicolae_vaults_little_ls, nicolae_vaults_yaktaur_gun_rack,
          hangedman_vaults_snaps, v_misc_5, vaults_mumra_chevron, v_misc_16,
          ontoclasm_vaults_gateway, v_misc_28, vaults_room_grunt_arrival_ludios,
          vaults_room_door_ring, ontoclasm_vaults_misaligned,
          vaults_room_stairs_pillars, serial_shops, nicolae_shop_waterfront
Vaults:2: v_misc_24, vaults_room_large_hall, minmay_crypt_entry_necro_gods,
          v_rooms_5, v_misc_27, st_check, nicolae_vaults_angled_halls,
          v_misc_26, hangedman_vaults_trim, v_misc_29, hangedman_vaults_stagger,
          v_misc_25, uniq_xtahua, uniq_saint_roka
Bazaar:   bazaar_kb_twisted_cavern
IceCv:    ice_cave_small_dragons
Gauntlet: minmay_gauntlet_77_indecision

Skill      XL: |  1  2  3  4  5  6  7  8  9 10 11 12 13 14 15 16 17 18 |
---------------+-------------------------------------------------------+-----
Stealth        | 1 5 8 11 12 | 12.0
Dodging        | 5 6 7 9 10 12 13 15 16 17 | 17.0
Short Blades   | 4 5 7 8 10 11 12 13 15 17 18 20 | 20.0
Fighting       | 3 4 6 9 10 11 | 11.7
Shields        | 1 4 5 6 7 |  7.2
Evocations     | 6 10 12 15 | 15.0
Armour         | 5 9 12 | 12.0

Action                   |  1- 3 |  4- 6 |  7- 9 | 10-12 | 13-15 | 16-18 || total
-------------------------+-------+-------+-------+-------+-------+-------++-------
Melee: Short sword       |   117 |   179 |   529 |       |       |       ||   825
       Dagger            |       |       |   435 |   737 |       |       ||  1172
       Quick blade       |       |       |       |   992 |  4018 |  3173 ||  8183
Throw: Throwing net      |       |       |     1 |     1 |       |     2 ||     4
Invok: Berserk           |     1 |     2 |     7 |     9 |    15 |     3 ||    37
       Trog's Hand       |       |       |     2 |     1 |     2 |       ||     5
       Brothers in Arms  |       |       |       |     1 |     4 |     7 ||    12
Evoke: Wand              |       |       |    11 |    23 |    23 |    49 ||   106
       Lightning rod     |       |       |       |       |    10 |    33 ||    43
  Use: Scroll            |       |       |    19 |    11 |    10 |    19 ||    59
       Potion            |       |       |       |     1 |     3 |    26 ||    30
 Stab: Sleeping          |     2 |     6 |     6 |    19 |    29 |    12 ||    74
       Distracted        |       |     1 |       |     9 |     3 |     7 ||    20
       Held in net/web   |       |       |     1 |     3 |       |     1 ||     5
       Invisible         |       |       |       |       |     2 |       ||     2
       Paralysed         |       |       |       |       |       |     4 ||     4
  Eat: Ration            |       |     2 |     8 |    11 |    22 |    14 ||    57
Armor: Animal skin       |     8 |    13 |    47 |    32 |    25 |       ||   125
       Robe              |       |       |       |       |    77 |       ||    77
       Ice dragon scales |       |       |       |       |   129 |   290 ||   419
Dodge: Dodged            |   119 |   150 |   545 |   567 |  1652 |  1397 ||  4430
       Deflected         |       |       |       |       |     9 |    21 ||    30
Block: Buckler           |       |       |    94 |   238 |   589 |   559 ||  1480

Table legend:
 A = Non-vault XP
 B = Vault XP
 C = Vault XP percentage of total XP
 D = Non-vault monster count
 E = Vault monster count
 F = Vault count percentage of total count
                 A         B        C        D         E       F
            +---------+---------+-------+---------+---------+-------
      Total |  230829 |  121932 |  34.6 |     884 |     408 |  31.6
            +---------+---------+-------+---------+---------+-------
        D:1 |      14 |       8 |  36.4 |       9 |       4 |  30.8
        D:2 |      60 |      24 |  28.6 |      12 |       5 |  29.4
        D:3 |      54 |       0 |   0.0 |      15 |       0 |   0.0
        D:4 |     335 |     238 |  41.5 |      17 |       2 |  10.5
        D:5 |     789 |     160 |  16.9 |      31 |       2 |   6.1
        D:6 |     503 |       0 |   0.0 |      17 |       0 |   0.0
        D:7 |    1054 |     169 |  13.8 |      22 |       1 |   4.3
        D:8 |    1741 |     856 |  33.0 |      20 |      30 |  60.0
        D:9 |    1856 |    1070 |  36.6 |      37 |       1 |   2.6
       D:10 |    2332 |       0 |   0.0 |      21 |       0 |   0.0
       D:11 |    8490 |    3752 |  30.6 |      52 |      65 |  55.6
       D:12 |    5969 |     708 |  10.6 |      41 |      33 |  44.6
       D:13 |    8035 |       0 |   0.0 |      38 |       0 |   0.0
       D:14 |    5081 |    6986 |  57.9 |      29 |      11 |  27.5
       D:15 |   15148 |    3820 |  20.1 |      36 |       7 |  16.3
     Lair:1 |    3850 |       0 |   0.0 |      20 |       0 |   0.0
     Lair:2 |    4507 |     955 |  17.5 |      14 |       5 |  26.3
     Lair:3 |    5458 |     216 |   3.8 |      15 |       1 |   6.2
     Lair:4 |    7886 |     847 |   9.7 |      28 |       2 |   6.7
     Lair:5 |    3731 |    1752 |  32.0 |      19 |       3 |  13.6
     Lair:6 |    6337 |    7160 |  53.0 |      24 |      33 |  57.9
   Shoals:1 |    7629 |    5994 |  44.0 |      18 |       7 |  28.0
   Shoals:2 |    1946 |       0 |   0.0 |       6 |       0 |   0.0
   Spider:1 |   16882 |    2051 |  10.8 |      53 |       5 |   8.6
   Spider:2 |    7508 |       0 |   0.0 |      25 |       0 |   0.0
   Spider:3 |   14775 |    2206 |  13.0 |      38 |       1 |   2.6
   Spider:4 |   19243 |   27944 |  59.2 |      57 |      66 |  53.7
      Orc:1 |    1969 |       0 |   0.0 |      17 |       0 |   0.0
      Orc:2 |    1468 |    6948 |  82.6 |      10 |      36 |  78.3
   Vaults:1 |   53762 |   26913 |  33.4 |      95 |      41 |  30.1
   Vaults:2 |   22417 |   13109 |  36.9 |      48 |      13 |  21.3
      IceCv |       0 |    4552 | 100.0 |       0 |      18 | 100.0
   Gauntlet |       0 |    3494 | 100.0 |       0 |      16 | 100.0
            +---------+---------+-------+---------+---------+-------
